 Dungeon Sprint DCSS version 0.26-a0-665-gefeb406119 (webtiles) character file.

Game seed: 14205555912387941829

21778 mhtbhm the Metallomancer (level 12, -6/59 HPs)
             Began as a Gargoyle Earth Elementalist on Oct 14, 2020.
             Was the Champion of Vehumet.
             Shot with an arrow by a deep elf master archer (40 damage)
             ... in the Dungeon (Sprint III: "The Ten Rune Challenge").
             The game lasted 00:13:28 (3368 turns).

mhtbhm the Metallomancer (GrEE)                     Turns: 3368, Time: 00:13:29

Health: -6/59      AC: 10    Str: 13    XL:     12   Next: 93%
Magic:  22/35      EV: 14    Int: 20    God:    Vehumet [******]
Gold:   1231       SH:  5    Dex: 10    Spells: 20/49 levels left

rFire    . . .     SeeInvis .   (no weapon)
rCold    . . .     Faith    .   (no shield)
rNeg     + . .     Spirit   .   c - +0 robe
rPois    ∞         Reflect  +   (no helmet)
rElec    +         Harm     .   (no cloak)
rCorr    .         Rampage  .   (no gloves)
MR       +....     NoTele   +   (no boots)
Stlth    ++........             g - amulet of reflection
HPRegen  0.19/turn              (no ring)
MPRegen  0.24/turn              (no ring)

@: very slightly contaminated, invisible
A: magic resistance 1, negative energy resistance 1, electricity resistance,
unbreathing, petrification resistance, no potion heal 1, rot immunity, AC +8
a: Renounce Religion


You were in the Dungeon.
You worshipped Vehumet.
Vehumet was exalted by your worship.
You visited 1 branch You collected 1799 gold pieces.
You spent 568 gold pieces at shops.

Inventory:

Missiles
 b - 6 stones (quivered)
 e - 7 curare-tipped darts
Armour
 c - a +0 robe (worn)
Jewellery
 g - an amulet of reflection (around neck)
Wands
 f - a wand of polymorph (10)
Scrolls
 i - 2 scrolls of blinking
 k - 2 scrolls of torment {unknown}
 l - 12 scrolls of identify
 m - 3 scrolls of remove curse
Potions
 a - a potion of invisibility
 d - 4 potions of curing
 h - a potion of berserk rage
 j - 2 potions of might
 n - a potion of flight {unknown}
Miscellaneous
 o - a phial of floods


   Skills:
 + Level 5.2 Dodging
 - Level 3.3 Stealth
 - Level 0.1 Unarmed Combat
 + Level 19.3 Spellcasting
 + Level 4.7 Conjurations
 + Level 3.8 Transmutations
 + Level 1.3 Fire Magic
 + Level 0.5 Air Magic
 + Level 23.8 Earth Magic
 + Level 2.7 Evocations


You had 20 spell levels left.
You knew the following spells:

 Your Spells              Type           Power        Failure   Level
a - Sandblast             Erth           ######       0%          1
b - Passwall              Tmut/Erth      ######..     0%          2
c - Stone Arrow           Conj/Erth      ######       0%          3
d - Lee's Rapid Deconstr  Erth           #######...   0%          5
e - Petrify               Tmut/Erth      ######..     1%          4
f - Mephitic Cloud        Conj/Pois/Air  ####....     1%          3
g - Bolt of Magma         Conj/Fire/Erth ######....   1%          5
h - Iron Shot             Conj/Erth      ######....   1%          6

Your spell library contained the following spells:

 Spells                   Type           Power        Failure   Level
 Orb of Destruction       Conj           #####.....   58%         7
 Magic Dart               Conj           ####         1%          1
 Conjure Flame            Conj/Fire      ####....     1%          3
 Blink                    Tloc           N/A          4%          2
 Call Imp                 Summ           ###.....     4%          2
 Slow                     Hex            ###.....     4%          2


Dungeon Overview and Level Annotations

Branches:
Dungeon (1/1)

Altars:
Cheibriados
Dithmenos
Elyvilon
Fedhas
Gozag
Hepliaklqana
Kikubaaqudgha
Makhleb
Nemelex Xobeh
Okawaru
Qazlal
Ru
Sif Muna
Trog
Uskayaw
Vehumet
Wu Jian
Xom
Yredelemnul
Zin
The Shining One
Beogh
Jiyva
Lugonu

Shops:
D ?}=(:?[*!!!?

Annotations:
D exclusion: orange crystal statue


Innate Abilities, Weirdness & Mutations

You are resistant to torment.
Your stone body is resilient. (AC +8)
You are immune to poison.
You resist negative energy. (rN+)
You are resistant to electric shocks. (rElec)
You can survive without breathing.
You are immune to petrification.
You are immune to rotting.
You are resistant to hostile enchantments. (MR+)
Potions are less effective at restoring your health.


Message History

Press: ? - help, Dir - move target cursor A stone wall.
The wall shatters!
The blast of rock fragments hits the deep elf master archer!
The deep elf master archer is heavily wounded.
The deep elf master archer shoots an arrow.
The arrow closely misses you.
Unknown command.
Casting: Lee's Rapid Deconstruction (safe; 0% risk of failure)
Confirm with . or Enter, or press ? or * to list all spells.
Aiming: Lee's Rapid Deconstruction (safe; 0% risk of failure)
Press: ? - help, Dir - move target cursor A stone wall.
The wall shatters!
The blast of rock fragments hits the deep elf master archer!!
The deep elf master archer is almost dead.
The deep elf master archer shoots an arrow.
The arrow hits you!!!
Ouch! That really hurt!
You die...

▓▓▓▓▓▓▓
##.##.##################
_#.....'.#...##.@[.'....
......##.#...##≈≈≈≈##..#
.....###)#...≈≈≈..e...
[....∩##)#).(##≈≈≈≈##..#
####...#.)...##....' .. #
#.################ #
#########################
≈≈'.#.)...'.#.#.#.'††.≈≈#
§§#.#.#)..##.#.#.##†..≈≈#


You could see a deep elf master archer.

Vanquished Creatures
  Sigmund (D)
  3 deep elf demonologists (D)
  A deep elf death mage (D)
  A deep elf high priest (D)
  Snorg (D)
  A centaur warrior (D)
  2 orc high priests (D)
  Urug (D)
  2 deep elf knights (D)
  A skeletal warrior (D)
  An unseen horror (D)
  A lindwurm (D)
  An orc knight (D)
  5 deep elf magi (D)
  Edmund (D)
  2 cane toads (D)
  A rime drake (D)
  A komodo dragon (D)
  3 wandering mushrooms (D)
  A queen bee (D)
  2 tyrant leeches (D)
  3 redbacks (D)
  A shadow (D)
  A spatial vortex (D)
  A floating eye (D)
  5 orc warriors (D)
  A swamp drake (D)
  2 centaurs (D)
  A necrophage (D)
  An earth elemental (D)
  A water elemental (D)
  32 killer bees (D)
  A jelly (D)
  4 orc priests (D)
  2 orc wizards (D)
  A wizard (D)
  Jessica (D)
  A necromancer (D)
  3 humans (D)
  A kobold demonologist (D)
  An ooze (D)
  A phantom (D)
  8 orcs (D)
  2 rats (D)
108 creatures vanquished.

Vanquished Creatures (others)
  An electric eel (D)
  10 plants (D)
11 creatures vanquished.

Grand Total: 119 creatures vanquished

Notes
Turn   | Place    | Note
-------+----------+-------------------------------------------
     0 | D        | mhtbhm the Gargoyle Earth Elementalist began the quest for
                  | the Orb.
     0 | D        | Reached XP level 1. HP: 10/10 MP: 3/3
     8 | D        | Reached skill level 4 in Earth Magic
    74 | D        | Noticed Jessica
    77 | D        | Killed Jessica
    77 | D        | Reached skill level 6 in Earth Magic
    77 | D        | Reached XP level 2. HP: 15/15 MP: 1/6
    77 | D        | Reached XP level 3. HP: 19/19 MP: 1/7
   144 | D        | Learned a level 2 spell: Passwall
   148 | D        | Learned a level 3 spell: Stone Arrow
   159 | D        | Gained mutation: Scrolls take you a little longer to read.
                  | [potion of mutation]
   159 | D        | Gained mutation: You evolve. [potion of mutation]
   159 | D        | Gained mutation: You are robust. (+10% HP) [potion of
                  | mutation]
   159 | D        | Gained mutation: Your muscles are strong. (Str +2) [potion
                  | of mutation]
   160 | D        | Lost mutation: You evolve. [potion of mutation]
   160 | D        | Lost mutation: You are robust. (+10% HP) [potion of
                  | mutation]
   160 | D        | Lost mutation: Scrolls take you a little longer to read.
                  | [potion of mutation]
   160 | D        | Lost mutation: Your muscles are strong. (Str +2) [potion of
                  | mutation]
   160 | D        | Gained mutation: You are dopey. (Int -2) [potion of
                  | mutation]
   160 | D        | Lost mutation: You are dopey. (Int -2) [potion of mutation]
   160 | D        | Gained mutation: You have a pair of small antennae on your
                  | head. [potion of mutation]
   168 | D        | Lost mutation: You have a pair of small antennae on your
                  | head. [potion of mutation]
   168 | D        | Gained mutation: Potions are less effective at restoring
                  | your health. [potion of mutation]
   168 | D        | Gained mutation: You are resistant to hostile enchantments.
                  | (MR+) [potion of mutation]
   189 | D        | Reached skill level 7 in Earth Magic
   340 | D        | Noticed a water elemental
   342 | D        | Killed a water elemental
   342 | D        | Reached skill level 8 in Earth Magic
   342 | D        | Reached XP level 4. HP: 24/24 MP: 6/10
   381 | D        | Found a radiant altar of Vehumet.
   381 | D        | Found a shimmering blue altar of Sif Muna.
   381 | D        | Found an ancient bone altar of Kikubaaqudgha.
   381 | D        | Noticed a wizard
   382 | D        | Killed a wizard
   382 | D        | Reached skill level 5 in Spellcasting
   382 | D        | Reached skill level 9 in Earth Magic
   382 | D        | Reached XP level 5. HP: 28/28 MP: 9/12
   386 | D        | Became a worshipper of Vehumet
   401 | D        | Learned a level 5 spell: Lee's Rapid Deconstruction
   421 | D        | Found a basalt altar of Yredelemnul.
   421 | D        | Found a shadowy altar of Dithmenos.
   421 | D        | Found a sacrificial altar of Ru.
   421 | D        | Noticed a necrophage
   422 | D        | Reached skill level 1 in Transmutations
   422 | D        | Reached skill level 10 in Earth Magic
   423 | D        | Killed a necrophage
   423 | D        | Reached * piety under Vehumet
   423 | D        | Offered knowledge of Freeze by Vehumet.
   423 | D        | Reached skill level 1 in Conjurations
   423 | D        | Reached skill level 11 in Earth Magic
   423 | D        | Reached XP level 6. HP: 32/32 MP: 2/15
   429 | D        | Learned a level 4 spell: Petrify
   433 | D        | Learned a level 3 spell: Mephitic Cloud
   523 | D        | Found a glowing silver altar of Zin.
   523 | D        | Found a glowing golden altar of the Shining One.
   523 | D        | Found a white marble altar of Elyvilon.
   523 | D        | Noticed a deep elf mage
   525 | D        | Noticed an ice beast
   525 | D        | Killed a deep elf mage
   525 | D        | Reached skill level 13 in Earth Magic
   525 | D        | Reached XP level 7. HP: 36/36 MP: 5/19
   613 | D        | Found a hide-covered altar of Uskayaw.
   613 | D        | Found a roughly hewn altar of Beogh.
   613 | D        | Found an iron altar of Okawaru.
   613 | D        | Found a bloodstained altar of Trog.
   613 | D        | Found an ornate altar of the Wu Jian Council.
   613 | D        | Noticed a human
   613 | D        | Noticed a human
   614 | D        | Killed a human
   616 | D        | Killed a human
   616 | D        | Offered knowledge of Shock by Vehumet.
   616 | D        | Reached ** piety under Vehumet
   616 | D        | Reached skill level 14 in Earth Magic
   616 | D        | Reached XP level 8. HP: 41/41 MP: 4/21
   721 | D        | Noticed a shadow
   724 | D        | Killed a shadow
   724 | D        | Reached skill level 10 in Spellcasting
   806 | D        | Found a blossoming altar of Fedhas.
   806 | D        | Found a stormy altar of Qazlal.
   806 | D        | Found a snail-covered altar of Cheibriados.
   806 | D        | Found a burning altar of Makhleb.
   806 | D        | Found a shimmering altar of Xom.
   807 | D        | Found a hazy altar of Hepliaklqana.
   807 | D        | Found an opulent altar of Gozag.
   807 | D        | Found a sparkling altar of Nemelex Xobeh.
   807 | D        | Found a corrupted altar of Lugonu.
   807 | D        | Found a viscous altar of Jiyva.
   810 | D        | Offered knowledge of Frozen Ramparts by Vehumet.
   900 | D        | Noticed Snorg
   911 | D        | Killed Snorg
   911 | D        | Reached *** piety under Vehumet
   911 | D        | Reached skill level 16 in Earth Magic
   911 | D        | Reached XP level 9. HP: 45/45 MP: 4/24
  1112 | D        | Offered knowledge of Static Discharge by Vehumet.
  1142 | D        | Noticed a centaur warrior
  1146 | D        | Killed a centaur warrior
  1146 | D        | Reached **** piety under Vehumet
  1146 | D        | Reached skill level 17 in Earth Magic
  1288 | D        | Killed an unseen horror
  1288 | D        | Offered knowledge of Irradiate by Vehumet.
  1288 | D        | Reached XP level 10. HP: 40/50 MP: 7/27
  1407 | D        | Reached skill level 18 in Earth Magic
  1564 | D        | Reached ***** piety under Vehumet
  1564 | D        | Offered knowledge of Bolt of Magma by Vehumet.
  1574 | D        | Reached ****** piety under Vehumet
  1576 | D        | Reached skill level 5 in Dodging
  1578 | D        | Reached skill level 19 in Earth Magic
  1678 | D        | Learned a level 5 spell: Bolt of Magma
  1710 | D        | Found a roughly hewn altar of Beogh.
  1710 | D        | Noticed an orc high priest
  1715 | D        | Offered knowledge of Starburst by Vehumet.
  1721 | D        | Reached skill level 15 in Spellcasting
  1721 | D        | Killed an orc high priest
  1724 | D        | Reached XP level 11. HP: 54/54 MP: 9/30
  1729 | D        | Noticed an orc knight
  1742 | D        | Killed an orc knight
  1742 | D        | Reached skill level 1 in Evocations
  1792 | D        | Found Ceyhath's Magic Scroll Shop.
  1863 | D        | Noticed a deep elf knight
  1863 | D        | Noticed a deep elf mage
  1863 | D        | Noticed a deep elf mage
  1863 | D        | Noticed a deep elf knight
  1863 | D        | Noticed a deep elf mage
  1870 | D        | Killed a deep elf mage
  1871 | D        | Killed a deep elf knight
  1871 | D        | Reached skill level 20 in Earth Magic
  1871 | D        | Killed a deep elf knight
  1875 | D        | Killed a deep elf mage
  1875 | D        | Killed a deep elf mage
  1932 | D        | Noticed a deep elf demonologist
  1936 | D        | Killed a deep elf demonologist
  1936 | D        | Offered knowledge of Spellforged Servitor by Vehumet.
  1936 | D        | Reached skill level 21 in Earth Magic
  1936 | D        | Noticed a deep elf demonologist
  1937 | D        | Noticed a deep elf death mage
  1939 | D        | Killed a deep elf death mage
  1939 | D        | Noticed a deep elf mage
  1940 | D        | Killed a deep elf demonologist
  1941 | D        | Killed a deep elf mage
  2029 | D        | Noticed a deep elf high priest
  2075 | D        | Identified the ring "Zurph" {Fire Slay+2}
  2075 | D        | Noticed a deep elf master archer
  2157 | D        | Killed a deep elf high priest
  2157 | D        | Reached XP level 12. HP: 59/59 MP: 26/33
  2263 | D        | Reached skill level 22 in Earth Magic
  2362 | D        | Offered knowledge of Lightning Bolt by Vehumet.
  2575 | D        | Noticed Urug
  2583 | D        | Killed Urug
  2583 | D        | Offered knowledge of Iron Shot by Vehumet.
  2709 | D        | Learned a level 6 spell: Iron Shot
  2754 | D        | Noticed Sigmund
  2754 | D        | Noticed Edmund
  2757 | D        | HP: 2/59 [rock wall collision (27)]
  2761 | D        | Killed Sigmund
  2761 | D        | Reached skill level 23 in Earth Magic
  2764 | D        | Killed Edmund
  3009 | D        | Noticed a sun demon
  3146 | D        | Offered knowledge of Orb of Destruction by Vehumet.
  3199 | D        | Found Pofuen's Antique Armour Emporium.
  3199 | D        | Found Zeclu's Distillery.
  3199 | D        | Found Efudobe's Book Boutique.
  3199 | D        | Found Hacvuw's Magic Scroll Shoppe.
  3199 | D        | Found Jael's Magic Scroll Boutique.
  3199 | D        | Found Keaditz's Assorted Antiques.
  3199 | D        | Found Woteoca's Antique Weapon Shoppe.
  3199 | D        | Found Teatoal's Distillery.
  3199 | D        | Found Hautziul's Jewellery Shop.
  3199 | D        | Found Fucoawu's Gadget Emporium.
  3199 | D        | Found Astregg's Distillery.
  3234 | D        | Bought a scroll of blinking for 82 gold pieces
  3239 | D        | Bought a scroll of blinking for 90 gold pieces
  3243 | D        | Bought an uncursed amulet of reflection for 300 gold pieces
  3262 | D        | Bought a potion of invisibility for 96 gold pieces
  3362 | D        | Noticed a deep elf demonologist
  3364 | D        | Killed a deep elf demonologist
  3364 | D        | Reached skill level 1 in Fire Magic
  3368 | D        | Shot with an arrow by a deep elf master archer

Illustrated notes

Levels and vault maps discovered:
D:        dungeon_sprint_mu [sprint_mu_entry_cave, sprint_mu_temple_rooms,
          sprint_mu_d1_horrors, sprint_mu_d2_genie, sprint_mu_d3_branching,
          sprint_mu_orc_legion, sprint_mu_elf_gauntlet, sprint_mu_hive_nellie,
          sprint_mu_lair_fedhas, sprint_mu_vaults_butterflies,
          sprint_mu_slime_circle, sprint_mu_swamp_cave, sprint_mu_snake_twists,
          sprint_mu_blade_basic, sprint_mu_crypt_fortress,
          sprint_mu_tomb_spiral, sprint_mu_vestibule_basic,
          sprint_mu_gehenna_hellfire, sprint_mu_dis_giant,
          sprint_mu_tartarus_statrot, sprint_mu_cocytus_islands, sprint_mu_zot1]

Skill      XL: |  1  2  3  4  5  6  7  8  9 10 11 12 |
---------------+-------------------------------------+-----
Earth Magic    | 6 8 9 11 13 14 16 17 19 21 23 | 23.8
Dodging        | 2 3 4 5 |  5.2
Stealth        | 3 |  3.3
Spellcasting   | 3 4 5 6 8 9 11 13 15 17 19 | 19.3
Transmutations | 1 2 3 |  3.8
Conjurations   | 1 2 4 |  4.7
Evocations     | 2 |  2.7
Fire Magic     | 1 |  1.3
Unarmed Combat | |  0.1
Air Magic      | |  0.5

Action                   |  1- 3 |  4- 6 |  7- 9 | 10-12 || total
-------------------------+-------+-------+-------+-------++-------
Melee: Unarmed           |     6 |       |       |       ||     6
 Cast: Sandblast         |    12 |     3 |     2 |     7 ||    24
       Passwall          |     1 |       |       |     1 ||     2
       Lee's Rapid Decon |       |     3 |    29 |    73 ||   105
       Petrify           |       |       |     1 |     7 ||     8
       Stone Arrow       |       |       |       |    12 ||    12
       Mephitic Cloud    |       |       |       |     3 ||     3
       Bolt of Magma     |       |       |       |     6 ||     6
Evoke: Phial of floods   |       |       |       |     3 ||     3
  Use: Potion            |     4 |       |     1 |     4 ||     9
       Scroll            |       |       |       |     1 ||     1
Armor: Robe              |     2 |     2 |     2 |     2 ||     8
Dodge: Dodged            |       |       |     3 |    15 ||    18

Table legend: (Time is in decaauts)
 A = Elapsed time spent in this place.
 B = Non-inter-level travel time spent in this place.
 C = Inter-level travel time spent in this place.
 D = Time resting spent in this place.
 E = Time spent auto-exploring this place.
 F = Levels seen in this place.
 G = Mean time per level.
                   A        B        C        D        E       F      G
               +--------+--------+--------+--------+--------+-----+--------+
         Total |   3379 |   3379 |      0 |   2358 |     20 |   1 | 3379.0 |
       Dungeon |   3379 |   3379 |      0 |   2358 |     20 |   1 | 3379.0 |
               +--------+--------+--------+--------+--------+-----+--------+

Top non-repeatable levels by time:
       D: 3379 daAuts
